 Dungeon Crawl Stone Soup version 0.30-a0-800-g7c544603b3 (webtiles) character file.

Game seed: 17001108372254847452

104 Newt the Trooper (level 4, 0/37 HPs)
             Began as a Demonspawn Gladiator on Feb 22, 2023.
             Slain by Natasha (5 damage)
             ... on level 2 of the Dungeon.
             The game lasted 00:01:47 (1543 turns).

Newt the Trooper (Demonspawn Gladiator)             Turns: 1543, Time: 00:01:48

Health: 0/37       AC:  7    Str: 16    XL:     4   Next: 52%
Magic:  4/4        EV: 12    Int:  9    God:
Gold:   112        SH:  0    Dex: 15    Spells: 3/3 levels left

rFire   . . .      SeeInvis .    j - +2 dagger (venom)
rCold   . . .      Faith    .    (no shield)
rNeg    . . .      Spirit   .    b - +0 leather armour
rPois   .          Reflect  .    c - +1 helmet
rElec   .          Harm     .    (no cloak)
rCorr   .          Rampage  .    (no gloves)
Will    .....                    (no boots)
Stlth   ++                       (no amulet)
HPRegen 0.26/turn                (no ring)
MPRegen 0.09/turn                (no ring)

@: slowed, very slow
A: molten scales 1, spiny 1, wild magic 2, no potion heal 1
a: no special abilities


You were on level 2 of the Dungeon.
You visited 1 branch of the dungeon, and saw 2 of its levels.

You collected 112 gold pieces.

Inventory:

Hand Weapons
 a - a +0 rapier
 i - a +1 short sword of flaming
 j - a +2 dagger of venom (weapon)
Missiles
 d - 2 throwing nets (quivered)
 e - a javelin
Armour
 b - a +0 leather armour (worn)
 c - a +1 helmet (worn)
Scrolls
 g - 2 scrolls of butterflies
 m - a scroll of teleportation
 n - 2 scrolls of enchant armour
Potions
 f - a potion of mutation
 k - 2 potions of berserk rage {unknown}
 l - a potion of cancellation {unknown}


   Skills:
 - Level 4.0 Fighting
 + Level 3.2 Short Blades
 - Level 1.7 Throwing
 - Level 2.6 Dodging
 - Level 1.5 Stealth


You had 3 spell levels left.
You didn't know any spells.
Your spell library contained the following spells:

 Spells                   Type           Power      Damage    Failure   Level
 Beastly Appendage        Tmut           0%         N/A       63%         1
 Freeze                   Ice            0%         1d3       63%         1
 Wereblood                Tmut           0%         N/A       75%         2
 Frozen Ramparts          Ice            0%         1d1       92%         3
 Hailstorm                Conj/Ice       0%         3d3       92%         3
 Ignite Poison            Fire/Tmut/Pois 0%         N/A       92%         3
 Spider Form              Tmut/Pois      0%         N/A       92%         3
 Sticky Flame             Conj/Fire      0%         2d3       100%        4
 Ignition                 Fire           0%         3d3       100%        8


Dungeon Overview and Level Annotations

Branches:
Dungeon (2/15)

Altars:
Xom

Annotations:
D:2 Natasha


Innate Abilities, Weirdness & Mutations

You are partially covered in molten scales. (AC +2)
You are partially covered in sharp spines.
Your spells are harder to cast, but more powerful.
Potions are less effective at restoring your health.


Message History

Unknown command.
You hit Natasha but do no damage.
Natasha is moderately wounded.
The white imp hits you but does no damage.
Natasha claws you but does no damage.
The white imp hits you but does no damage.
You completely miss Natasha.
Natasha is moderately wounded.
Natasha completely misses you. The white imp barely misses you.
You closely miss Natasha.
Natasha is moderately wounded.
Natasha is struck by your spines. Natasha claws you!
* * * LOW HITPOINT WARNING * * *
The white imp gestures at you. The puff of frost hits you.
* * * LOW HITPOINT WARNING * * *
It was a potion of mutation.
You feel extremely strange.
You feel less in control of your magic.
Your system partially rejects the healing effects of potions.
You feel less in control of your magic.
Natasha drinks a potion.
Natasha is healed!
The white imp gestures at you. The puff of frost hits you.
* * * LOW HITPOINT WARNING * * *
Natasha is struck by your spines. Natasha misses you.
The white imp is struck by your spines.
The white imp hits you but does no damage.
Your system partially rejects the healing.
You feel better. Natasha barely misses you.
The white imp shouts, "Bolt, thou baffled knotty-pated slabber!"
The white imp gestures at you. The puff of frost hits you.
* * * LOW HITPOINT WARNING * * *
Throw: 3 throwing nets
Press: ? - help, Q - select action, (/) - cycle Shift-Dir - straight line, f - Natasha
Aim: Natasha (lightly wounded, 53% to hit)
You throw a throwing net.
The throwing net closely misses Natasha.
Natasha is struck by your spines. Natasha claws you.
You die...

#.#.#.#.......)..#.......# #.#
#.#.#.#.........(........#####.##
..#...#..................+.......
#####.##.........._......######.#
.....................##########..
#####.###......................#.
......# #...........#.....†....##
..##### ########h5.............##
..# #@....##'######### ..#
#.....##.# # ..# #.....##.# # ..#
##.....##.## .†# #..........#
..####### #..........# ........#
#..........# ........#
#..........# ........#
#..........#


You could see Natasha and a white imp (summoned).

Vanquished Creatures
  Natasha (twice) (D:2)
  An adder (D:2)
  A worm (D:2)
  2 endoplasms (D:2)
  4 giant cockroaches
  6 goblins
  4 hobgoblins
  9 jackals (D:2)
  2 ball pythons
  A bat (D:2)
  A frilled lizard (D:2)
  4 kobolds
  2 rats (D:1)
39 creatures vanquished.

Notes
Turn   | Place    | Note
-------+----------+-------------------------------------------
     0 | D:1      | Newt the Demonspawn Gladiator began the quest for the Orb.
     0 | D:1      | Reached XP level 1. HP: 16/16 MP: 1/1
   110 | D:1      | Reached skill level 1 in Stealth
   316 | D:1      | Gained mutation: You are partially covered in sharp spines.
                  | [demonic ancestry]
   316 | D:1      | Reached XP level 2. HP: 22/22 MP: 2/2
   906 | D:2      | Found a shimmering altar of Xom.
   916 | D:2      | Reached skill level 3 in Fighting
   916 | D:2      | Gained mutation: You are partially covered in molten
                  | scales. (AC +2) [demonic ancestry]
   916 | D:2      | Reached XP level 3. HP: 26/29 MP: 3/3
  1358 | D:2      | Noticed Natasha
  1364 | D:2      | Killed Natasha
  1365 | D:2      | Reached skill level 4 in Fighting
  1365 | D:2      | Reached XP level 4. HP: 37/37 MP: 4/4
  1481 | D:2      | Noticed Natasha
  1486 | D:2      | Killed Natasha
  1528 | D:2      | Noticed Natasha
  1541 | D:2      | Gained mutation: Your spells are a little harder to cast,
                  | but a little more powerful. [potion of mutation]
  1541 | D:2      | Gained mutation: Potions are less effective at restoring
                  | your health. [potion of mutation]
  1541 | D:2      | Gained mutation: Your spells are harder to cast, but more
                  | powerful. [potion of mutation]
  1543 | D:2      | Slain by Natasha

Illustrated notes

Levels and vault maps discovered:
D:1:      amcnicky_arrival_gap_in_the_tavern_cellar, layout_basic
D:2:      layout_basic, basic_altar, uniq_natasha

Skill      XL: |  1  2  3  4 |
---------------+-------------+-----
Stealth        | 1 |  1.5
Fighting       | 3 4 |  4.0
Short Blades   | 3 |  3.2
Throwing       | |  1.7
Dodging        | |  2.6

Action                     |  1- 3 |  4- 6 || total
---------------------------+-------+-------++-------
  Melee: Rapier            |    18 |       ||    18
         Dagger            |    71 |    13 ||    84
         Punch             |     1 |       ||     1
  Throw: Throwing net      |       |     1 ||     1
    Use: Scroll            |     4 |       ||     4
         Potion            |       |     2 ||     2
 Armour: Leather armour    |    26 |     6 ||    32
  Dodge: Dodged            |    36 |     6 ||    42

Table legend: (Time is in decaauts)
 A = Elapsed time spent in this place.
 B = Non-inter-level travel time spent in this place.
 C = Inter-level travel time spent in this place.
 D = Time resting spent in this place.
 E = Time spent auto-exploring this place.
 F = Levels seen in this place.
 G = Mean time per level.
                   A        B        C        D        E       F      G
               +--------+--------+--------+--------+--------+-----+--------+
         Total |   1535 |   1515 |     20 |      0 |   1285 |   2 |  767.5 |
       Dungeon |   1535 |   1515 |     20 |      0 |   1285 |   2 |  767.5 |
               +--------+--------+--------+--------+--------+-----+--------+

Top non-repeatable levels by time:
     D:1: 780 daAuts
     D:2: 754 daAuts
